 Dungeon Crawl Stone Soup version 0.26.1-11-gd32895ea62 (webtiles) character file.

Game seed: 438682213906165041

31432 Tirrikindir the Carver (level 13, -5/93 HPs)
             Began as an Octopode Fighter on May 7, 2021.
             Was an Initiate of Gozag.
             Slain by a white ugly thing (36 damage)
             ... on level 12 of the Dungeon.
             The game lasted 00:51:14 (13918 turns).

Tirrikindir the Carver (Octopode Fighter)          Turns: 13918, Time: 00:51:16

Health: -5/93      AC:  3    Str: 18    XL:     13   Next: 58%
Magic:  13/13      EV: 25    Int: 17    God:    Gozag
Gold:   604        SH: 17    Dex: 23    Spells: 12/12 levels left

rFire    + . .     SeeInvis +   u - +5 scimitar
rCold    x . .     Faith    .   b - +4 kite shield
rNeg     + + .     Spirit   .   (helmet restricted)
rPois    +         Reflect  .   d - amulet of regeneration
rElec    +         Harm     .   D - +6 ring of intelligence
rCorr    .         Rampage  .   M - ring "Joutahuore" {rElec EV+4}
Will     +....                  y - ring of flight
Stlth    +++++++...             C - +6 ring of dexterity
HPRegen  0.65/turn              B - ring of fire
MPRegen  0.13/turn              A - ring "Qior" {+Blink rElec Str-3 SInv Stlth+}
                                K - ring "Adweurph" {+Inv rN+ Will+ Dex+4}
                                G - ring of the Doge {+Inv rPois rN+ Str+3}

@: no status effects
A: almost no armour, stealthy swim, amphibious, 8 rings, constrict 8, iridescent
scales 1, camouflage 1, gelatinous body 1, MP-powered wands
a: Renounce Religion, Evoke Blink, Evoke Invisibility, Evoke Flight, Potion
Petition, Call Merchant, Bribe Branch


You were on level 12 of the Dungeon.
You worshipped Gozag.
Gozag was pleased with you.
You visited 2 branches of the dungeon, and saw 13 of its levels.
You also visited: Sewer and Bailey.

You collected 3455 gold pieces.
You spent 2004 gold pieces at shops.
You paid 847 gold pieces to Gozag.

Inventory:

Hand Weapons
 a - a +2 rapier of draining
 u - a +5 scimitar (weapon)
Missiles
 g - 33 poisoned darts (quivered)
Armour
 b - a +4 kite shield (worn)
Jewellery
 d - an amulet of regeneration (around mantle)
 y - a ring of flight (on tentacle)
 A - the ring "Qior" (on tentacle) {+Blink rElec Str-3 SInv Stlth+}
   (You bought it in a shop on level 8 of the Dungeon)

   [ring of see invisible]

   It affects your strength (-3).
   It insulates you from electricity.
   It lets you see invisible.
   It lets you blink.
   It makes you more stealthy.
 B - a ring of fire (on tentacle)
 C - a +6 ring of dexterity (on tentacle)
 D - a +6 ring of intelligence (left tentacle)
 G - the ring of the Doge (on tentacle) {+Inv rPois rN+ Str+3}
   (You bought it in a shop on level 8 of the Dungeon)

   [ring of poison resistance]

   It affects your strength (+3).
   It protects you from poison.
   It protects you from negative energy.
   It lets you turn invisible.
 K - the ring "Adweurph" (on tentacle) {+Inv rN+ Will+ Dex+4}
   (You took it off an orc warrior on level 10 of the Dungeon)

   [ring of positive energy]

   It affects your dexterity (+4).
   It protects you from negative energy.
   It affects your willpower, your defense against some magical effects.
   It lets you turn invisible.
 M - the ring "Joutahuore" (right tentacle) {rElec EV+4}
   (You bought it in a shop on level 8 of the Dungeon)

   [ring of evasion]

   It affects your evasion (+4).
   It insulates you from electricity.
Wands
 q - a wand of enslavement (8)
 r - a wand of flame (20)
 x - a wand of polymorph (6)
 H - a wand of iceblast (8)
 I - a wand of digging (6)
Scrolls
 e - 4 scrolls of teleportation
 h - 2 scrolls of fear
 o - 4 scrolls of blinking
 w - 2 scrolls of fog
 E - 2 scrolls of amnesia
 J - 2 scrolls of remove curse
Potions
 c - 6 potions of ambrosia
 f - 2 potions of haste
 i - a potion of resistance
 j - a potion of might
 k - 4 potions of curing
 m - a potion of mutation
 n - a potion of brilliance
 p - 2 potions of flight
 s - a potion of magic
 t - 2 potions of lignification
 z - a potion of cancellation
 F - 3 potions of heal wounds
Miscellaneous
 v - a phial of floods (inert)


   Skills:
 * Level 10.6 Fighting
 * Level 11.5 Long Blades
 - Level 10.0 Dodging
 - Level 10.0 Stealth
 - Level 10.0 Shields
 * Level 8.4 Evocations


You had 12 spell levels left.
You didn't know any spells.
Your spell library contained the following spells:

 Spells                   Type           Power        Failure   Level
 Animate Skeleton         Necr           0%           41%         1
 Apportation              Tloc           0%           41%         1
 Corona                   Hex            0%           41%         1
 Sandblast                Erth           0%           41%         1
 Summon Small Mammal      Summ           0%           41%         1
 Passwall                 Tmut/Erth      0%           56%         2
 Stone Arrow              Conj/Erth      0%           80%         3
 Petrify                  Tmut/Erth      0%           99%         4
 Lee's Rapid Deconstruct  Erth           0%           100%        5


Dungeon Overview and Level Annotations

Branches:
Dungeon (12/15)            Temple (1/1) D:6            Lair (0/6) D:10
    Orc (0/2) D:9           Sewer (visited)          Bailey (visited)

Altars:
Ashenzari
Cheibriados
Dithmenos
Elyvilon
Fedhas
Gozag
Hepliaklqana
Kikubaaqudgha
Makhleb
Nemelex Xobeh
Okawaru
Qazlal
Ru
Sif Muna
Trog
Uskayaw
Vehumet
Wu Jian
Xom
Yredelemnul
Zin
The Shining One
Beogh

Shops:
D:8 *=   D:12 *

Annotations:
D:9 2 transporters, Tirrikindir's ghost, novice OpFi
D:11 2 transporters, wallyj24's ghost, journeyman GnFi
D:12 1 runed translucent door, Azrael


Innate Abilities, Weirdness & Mutations

You cannot wear most types of armour.
You are very stealthy in the water. (Stealth+)
You are amphibious.
You can wear up to eight rings at the same time.
You can use your tentacles to constrict eight enemies at once.
Your skin changes colour to match your surroundings (Stealth+).
Your rubbery body absorbs attacks. (AC +1, EV +1)
You are partially covered in iridescent scales. (AC +2)
You expend magic power (3 MP) to strengthen your wands.


Message History

You drop an uncursed staff of conjuration.
Found a runed translucent door.
Found a twisted hat, a warped whip and a human corpse.
Existing waypoints: (1) D:9 (2) D:11 Assign waypoint to what number? (0-9, D - delete waypoint) Waypoint 3 assigned to D:12.
A white ugly thing comes into view.
The white ugly thing gurgles horribly!
You slash the white ugly thing! You grab the white ugly thing.
The white ugly thing is lightly wounded.
You constrict the white ugly thing. The white ugly thing kicks you!
The white ugly thing freezes you!!!
You feel a terrible chill!
Ouch! That really hurt!
You completely miss the white ugly thing.
The white ugly thing is lightly wounded.
You constrict the white ugly thing. The white ugly thing kicks you!
The white ugly thing freezes you!!!
You feel a terrible chill!
You die...
Your body crumbles into a pile of gold.

#
#......#####.#
#......# #.#
#......# #.#
#......# #.#
#......# #.#
#......# #.#
#......# #.#
#.# #@# #u#
#.# #.# #.#
#.# #.# #.#


You could see a white ugly thing.

Vanquished Creatures
  Harold (D:10)
  A hydra (D:12)
  2 two-headed ogres
  A centaur warrior (D:11)
  Sonja (D:12)
  2 unseen horrors
  The ghost of Eryximachus the Transmogrifier, a novice DrTm of Ru (D:7)
  A deep elf mage (D:12)
  3 ugly things
  A manticore (D:11)
  Maurice (D:9)
  Joseph (D:8)
  Psyche (D:10)
  A kobold demonologist (D:12)
  A queen bee (D:9)
  3 trolls
  A hornet (D:12)
  Prince Ribbit (D:5)
  A spriggan (shapeshifter) (D:8)
  A wraith (D:7)
  A spriggan (D:10)
  A wyvern (D:10)
  8 yaks
  4 shadows
  Eustachio (D:4)
  A fire elemental (D:11)
  A steam dragon (D:12)
  2 wargs (D:10)
  Menkaure (D:6)
  A water moccasin (D:7)
  A hell hound (D:11)
  2 black bears
  4 sky beasts
  3 ice beasts
  15 orc warriors
  2 phantoms
  11 ogres
  A necrophage (D:8)
  24 centaurs
  3 big kobolds
  Blork the orc (D:5)
  5 bullfrogs
  A water moccasin skeleton (D:5)
  7 scorpions
  35 killer bees
  18 wights
  A troll zombie (D:9)
  3 jellies
  2 quasits
  6 orc priests
  Crazy Yiuf (D:5)
  3 hounds
  10 orc wizards
  A bullfrog skeleton (D:9)
  2 centaur skeletons
  Jessica (D:3)
  3 iguanas
  Natasha (thrice) (D:4)
  12 worker ants
  A killer bee zombie (D:9)
  5 ogre zombies (D:9)
  A hound skeleton (D:6)
  A mummy (D:7)
  2 howler monkey zombies
  Robin (D:4)
  8 gnolls
  A howler monkey skeleton (D:6)
  20 adders
  2 river rats (Sewer)
  A shadow imp (D:5)
  2 ufetubi
  An adder skeleton (D:7)
  2 worms
  2 dart slugs
  4 leopard geckos
  86 orcs
  2 ball pythons
  7 bats
  7 giant cockroaches
  19 goblins
  21 hobgoblins
  9 jackals
  16 kobolds
  8 quokkas
  2 frilled lizards
  2 goblin skeletons (D:9)
  A hobgoblin skeleton (D:9)
  2 hobgoblin zombies (D:9)
  A leopard gecko zombie (D:6)
  3 orc skeletons (D:9)
  11 orc zombies (D:9)
  8 rats
487 creatures vanquished.

Vanquished Creatures (others)
  A wyvern skeleton (D:12)
  A jelly (D:12)
  An orc (D:12)
  5 fungi (D:5)
  59 plants
67 creatures vanquished.

Grand Total: 554 creatures vanquished

Notes
Turn   | Place    | Note
-------+----------+-------------------------------------------
     0 | D:1      | Tirrikindir the Octopode Fighter began the quest for the
                  | Orb.
     0 | D:1      | Reached XP level 1. HP: 16/16 MP: 1/1
   504 | D:1      | Reached skill level 1 in Stealth
   504 | D:1      | Reached XP level 2. HP: 15/21 MP: 2/2
   623 | D:1      | Reached XP level 3. HP: 26/26 MP: 3/3
  1498 | D:2      | Found a faded altar of an unknown god.
  1773 | D:2      | Reached XP level 4. HP: 31/31 MP: 4/4
  1779 | D:2      | Reached skill level 3 in Long Blades
  2212 | D:2      | Reached XP level 5. HP: 36/36 MP: 5/5
  2407 | D:2      | Found a sacrificial altar of Ru.
  2469 | D:2      | Gained mutation: You expend magic power (3 MP) to
                  | strengthen your wands. [potion of mutation]
  2469 | D:2      | Gained mutation: You are partially covered in iridescent
                  | scales. (AC +2) [potion of mutation]
  2961 | D:3      | Noticed Jessica
  2969 | D:3      | Killed Jessica
  3451 | D:4      | Noticed Eustachio
  3451 | D:4      | Noticed an ogre
  3526 | D:4      | Reached XP level 6. HP: 28/43 MP: 6/6
  3535 | D:4      | Found a shimmering blue altar of Sif Muna.
  3535 | D:4      | Found a glowing drain.
  3561 | Sewer    | Entered a sewer
  3570 | Sewer    | Reached skill level 4 in Long Blades
  3897 | Sewer    | Found a white marble altar of Elyvilon.
  4012 | D:4      | Killed Eustachio
  4013 | D:4      | Reached skill level 5 in Long Blades
  4013 | D:4      | Reached XP level 7. HP: 45/48 MP: 7/7
  4195 | D:4      | Found a glowing golden altar of the Shining One.
  4312 | D:4      | Reached skill level 6 in Long Blades
  4335 | D:4      | Identified the +2 helmet of Living Mirth {Harm Dex+5}
  4335 | D:4      | Noticed Robin
  4354 | D:4      | Killed Robin
  4356 | D:4      | Noticed Natasha
  4366 | D:4      | Killed Natasha
  4482 | D:4      | Noticed Natasha
  4492 | D:4      | Killed Natasha
  4665 | D:4      | Noticed a shadow
  4666 | D:4      | Found a shadowy altar of Dithmenos.
  4667 | D:4      | Found a hazy altar of Hepliaklqana.
  4744 | D:4      | Noticed Natasha
  4750 | D:4      | Killed Natasha
  4782 | D:4      | Reached skill level 7 in Long Blades
  4782 | D:4      | Reached XP level 8. HP: 54/54 MP: 8/8
  4900 | D:5      | Entered Level 5 of the Dungeon
  5312 | D:5      | Reached skill level 8 in Long Blades
  5331 | D:5      | Noticed Blork the orc
  5344 | D:5      | Killed Blork the orc
  5489 | D:5      | Found a runed translucent door.
  5490 | D:5      | Noticed Crazy Yiuf
  5495 | D:5      | Killed Crazy Yiuf
  5536 | D:5      | Noticed Prince Ribbit
  5554 | D:5      | Killed Prince Ribbit
  5964 | D:6      | Reached XP level 9. HP: 56/60 MP: 9/9
  6029 | D:6      | Reached skill level 5 in Fighting
  6029 | D:6      | Reached skill level 5 in Dodging
  6029 | D:6      | Reached skill level 5 in Stealth
  6029 | D:6      | Reached skill level 5 in Shields
  6029 | D:6      | Reached skill level 1 in Evocations
  6361 | D:6      | Noticed Menkaure
  6368 | D:6      | Killed Menkaure
  6552 | D:6      | Found a staircase to the Ecumenical Temple.
  6557 | Temple   | Entered the Ecumenical Temple
  6576 | Temple   | Became a worshipper of Gozag Ym Sagoz the Greedy
  7052 | D:7      | Found a transporter.
  7053 | D:7      | Noticed Eryximachus's ghost (novice DrTm)
  7132 | D:7      | Reached XP level 10. HP: 68/68 MP: 10/10
  7145 | D:7      | Found a runed translucent door.
  7227 | D:7      | Found a transporter.
  7473 | D:8      | Found a broken altar of Ashenzari.
  7473 | D:8      | Noticed a two-headed ogre
  7474 | D:8      | Noticed Joseph
  7537 | D:8      | Found Wouguiposi's Assorted Antiques.
  7548 | D:8      | Killed Joseph
  7553 | D:8      | Killed a two-headed ogre
  7655 | D:8      | Found a flagged portal.
  7702 | Bailey   | Entered a bailey
  7719 | Bailey   | Reached skill level 9 in Long Blades
  8330 | Bailey   | Found the +7 great mace "Firestarter" {inner flame, rF++}
  8485 | Bailey   | Reached XP level 11. HP: 75/75 MP: 11/11
  8667 | D:8      | Found an iron altar of Okawaru.
  8676 | D:8      | Found an ornate altar of the Wu Jian Council.
  8787 | D:8      | Found a glowing silver altar of Zin.
  8812 | D:8      | Bought an opal ring for 140 gold pieces
  8812 | D:8      | Bought a ring of dexterity for 56 gold pieces
  8871 | D:8      | Found a white marble altar of Elyvilon.
  9119 | D:7      | Found a roughly hewn altar of Beogh.
  9219 | D:9      | Found a transporter.
  9220 | D:9      | Noticed Tirrikindir's ghost (novice OpFi)
  9232 | D:9      | Found a transporter.
  9410 | D:9      | Noticed a red ugly thing
  9418 | D:9      | Killed a red ugly thing
  9685 | D:9      | Found a staircase to the Orcish Mines.
  9726 | D:9      | Reached skill level 10 in Long Blades
  9726 | D:9      | Reached skill level 5 in Evocations
  9726 | D:9      | Reached XP level 12. HP: 85/85 MP: 12/12
 10068 | D:9      | Noticed Maurice
 10076 | D:9      | Killed Maurice
 10121 | D:8      | Bought the ring "Qior" {+Blink rElec Str-3 SInv Stlth+} for
                  | 455 gold pieces
 10261 | D:9      | Noticed a two-headed ogre
 10276 | D:9      | Killed a two-headed ogre
 10689 | D:7      | Killed Eryximachus's ghost
 10929 | D:8      | Bought the ring of the Doge {+Inv rPois rN+ Str+3} for 623
                  | gold pieces
 11005 | D:10     | Entered Level 10 of the Dungeon
 11005 | D:10     | Noticed Psyche
 11012 | D:10     | Killed Psyche
 11628 | D:10     | Noticed Harold
 11638 | D:10     | Killed Harold
 11639 | D:10     | Reached XP level 13. HP: 56/91 MP: 13/13
 11770 | D:10     | Identified the ring "Adweurph" {+Inv rN+ Will+ Dex+4}
 11774 | D:10     | Found a staircase to the Lair.
 12293 | D:11     | Reached skill level 10 in Dodging
 12309 | D:11     | Reached skill level 10 in Shields
 12315 | D:11     | Reached skill level 10 in Fighting
 12385 | D:11     | Found a transporter.
 12410 | D:11     | Noticed wallyj24's ghost (journeyman GnFi)
 12424 | D:11     | Found a transporter.
 12429 | D:11     | Reached skill level 11 in Long Blades
 12456 | D:11     | Reached skill level 10 in Stealth
 13060 | D:8      | Bought the ring "Joutahuore" {rElec EV+4} for 700 gold
                  | pieces
 13157 | D:12     | Found an opulent altar of Gozag.
 13157 | D:12     | Noticed Azrael
 13278 | D:12     | Found Sovvaus's Assorted Antiques.
 13288 | D:12     | Bought a scroll labelled YBLIOST FUOFEO for 30 gold pieces
 13332 | D:12     | Noticed Sonja
 13352 | D:12     | Killed Sonja
 13897 | D:12     | Found a runed translucent door.
 13918 | D:12     | Slain by a white ugly thing

Illustrated notes

Levels and vault maps discovered:
D:1:      roderic_crop_circles_arrival_small, layout_basic,
          minmay_small_reverse_x
D:2:      layout_basic, nicolae_ru_path_of_blood,
          chequers_ecumenical_altar_island
D:3:      layout_loops_corners, minmay_joined_circles, uniq_ijyb, uniq_jessica
D:4:      layout_rooms, riverfiend_overflow_shadow_ancestor,
          kennysheep_little_box, nicolae_overflow_crystal_walls,
          gup_sewer_entry_glass, uniq_robin, uniq_natasha, uniq_eustachio
D:5:      layout_rooms, uniq_blork_the_orc, uniq_crazy_yiuf_cottage,
          uniq_prince_ribbit1
D:6:      layout_gridville, minmay_temple_entry_statues_pillars, uniq_menkaure
D:7:      layout_cave_pools, gammafunk_ghost_mausoleum, lightli_church_of_beogh
D:8:      layout_cave_pools, cheibrodos_ashenzari_chains, lemuel_crystal_altar,
          amethyst_overflow_temple_binary, kennysheep_mini, serial_shops,
          shop_statue, enter_bailey_4, minmay_misc_feat_cross,
          small_chamber_with_monster, uniq_joseph
D:9:      layout_roguey [special_room_bee], zombieorc1_lemuel,
          gammafunk_ghost_stat_death, uniq_maurice
D:10:     layout_rooms, erik_lair_orcish_takeover, grunt_ogre_cave, the_bakery,
          uniq_harold, uniq_psyche
D:11:     layout_cave_pools, gammafunk_ghost_berserking_beasts,
          roderic_lattice_a
D:12:     gammafunk_indiana_jones, layout_long_grid, basic_altar, serial_shops,
          shop, uniq_azrael, uniq_sonja
Temple:   minmay_temple_bridge_abc

Skill      XL: |  1  2  3  4  5  6  7  8  9 10 11 12 13 |
---------------+----------------------------------------+-----
Stealth        | 1 2 3 4 6 7 9 10 | 10.0
Long Blades    | 3 5 7 8 9 10 11 | 11.5
Fighting       | 4 6 7 9 10 | 10.6
Dodging        | 4 6 7 9 10 | 10.0
Shields        | 4 6 7 9 10 | 10.0
Evocations     | 2 4 5 6 8 |  8.4

Action                   |  1- 3 |  4- 6 |  7- 9 | 10-12 | 13-15 || total
-------------------------+-------+-------+-------+-------+-------++-------
Melee: Long sword        |   108 |    95 |   244 |    56 |       ||   503
       Constrict         |    74 |    28 |    59 |   114 |    22 ||   297
       Tentacles         |    28 |    19 |    53 |   117 |    69 ||   286
       Scimitar          |       |       |       |   462 |   203 ||   665
       Rapier            |       |       |       |       |     1 ||     1
Throw: Dart              |       |     3 |     8 |    25 |    23 ||    59
Invok: Call Merchant     |       |       |       |     1 |       ||     1
Evoke: Wand              |       |       |       |    11 |     1 ||    12
       Phial of floods   |       |       |       |       |     1 ||     1
  Use: Scroll            |     6 |    10 |     5 |    10 |     8 ||    39
       Potion            |       |     2 |       |     5 |       ||     7
 Stab: Sleeping          |     9 |     9 |    12 |    20 |     8 ||    58
       Paralysed         |       |       |       |    12 |     1 ||    13
       Distracted        |       |       |       |     7 |     6 ||    13
Armor: Skin              |     4 |    12 |    17 |    16 |     4 ||    53
Dodge: Dodged            |    20 |    42 |    99 |   260 |   119 ||   540
Block: Kite shield       |    11 |    40 |   100 |   301 |   156 ||   608
       Rpst.: Long sword |     7 |    16 |    38 |     4 |       ||    65
       Scimitar          |       |       |       |    65 |    26 ||    91
